Map: Ascension to Aiur LE

Players

Scarlett - Winner!

  • Race: Zerg Zerg
  • Spawn Location: 5:00

Cham

  • Race: Zerg Zerg
  • Spawn Location: 11:00

Event: WCS Valencia 2017

VOD

Have the link to the VOD?

Description

Time

  • Played on: July 13, 2017, 1:51 p.m.
  • Length: 3:24

All games in this series

Show
View Real Time Build Order
Export as new Build Order

Scarlett Zerg - Winner!

Build Orders: Pool Only 

Get SALT Encoding   

  12  0:00  Drone  
  13  0:10  Extractor  
  12  0:24  Spawning Pool  
  11  0:28  Drone  
  11  0:34  Drone  
  13  0:39  Drone  
  14  0:50  Overlord  
  14  1:11  Metabolic Boost  
  14  1:13  Queen  
  14  1:18  Zergling x2  
  17  1:22  Zergling x2  
  18  1:26  Zergling x2  
  18  1:31  Zergling x2  
  20  1:40  Baneling Nest  
  20  1:43  Zergling x2  
  20  1:51  Zergling x2  
  21  2:02  Overlord  
  21  2:17  Zergling x2  
  21  2:21  Zergling x2  
  21  2:22  Zergling x4  
  26  2:30  Zergling x2  
  26  2:36  Baneling  
  26  2:42  Zergling x2  
  27  2:47  Baneling  
  27  2:49  Baneling x2  
  27  2:50  Zergling x2  
  26  3:02  Zergling x6  
Show
View Real Time Build Order
Export as new Build Order

Cham Zerg 

Build Orders: Hatch First 

Get SALT Encoding   

  12  0:00  Drone  
  13  0:08  Drone  
  14  0:18  Overlord  
  14  0:36  Drone x2  
  14  0:37  Drone  
  17  0:51  Hatchery  
  17  0:55  Drone  
  17  0:58  Drone  
  17  1:04  Extractor  
  17  1:14  Spawning Pool  
  17  1:17  Drone  
  17  1:20  Drone  
  18  1:32  Drone  
  19  1:41  Overlord  
  19  2:01  Queen, Zergling x2  
  20  2:03  Metabolic Boost  
  20  2:04  Queen  
  20  2:06  Zergling x2  
  25  2:08  Zergling x2  
  25  2:13  Zergling x2  
  27  2:19  Drone  
  28  2:24  Baneling Nest  
  28  2:25  Drone  
  28  2:28  Drone  
  29  2:37  Zergling x4  
  31  2:45  Queen  
  31  2:47  Zergling x2  
  32  2:57  Zergling x4  
  32  3:01  Zergling x2  
  30  3:07  Zergling x2  
Tags
 
Add a new tag
Caveats
  • Supply blocks, unpowered buildings, or Contaminate may cause inaccurate times.
  • Supply counts are checked every 10 seconds.